 Dungeon Crawl Stone Soup version 0.31-a0-667-g39726597b9 (webtiles) character file.

Game seed: 13530951733994818281

39 arthad the Digger (level 3, 0/19 HPs)
             Began as a Gargoyle Earth Elementalist on Sept 3, 2023.
             Slain by Sigmund
             ... wielding a +0 scythe of distortion
              (5 damage)
             ... on level 3 of the Dungeon.
             The game lasted 00:02:03 (1487 turns).

arthad the Digger (Gargoyle Earth Elementalist)     Turns: 1487, Time: 00:02:04

Health: 0/19       AC:  5    Str: 17    XL:     3   Next: 45%
Magic:  1/6        EV: 12    Int: 17    God:
Gold:   88         SH:  0    Dex: 10    Spells: 5/6 levels left

rFire   . . .        (no weapon)
rCold   . . .        (no shield)
rNeg    + . .        a - +0 robe
rPois   ∞            (no helmet)
rElec   +            (no cloak)
rCorr   .            (no gloves)
SInv    .            (no boots)
Will    .....        (no amulet)
Stlth   ++           h - +6 ring of strength
HPRegen 0.23/turn    (no ring)
MPRegen 0.10/turn

%: no passive effects
@: no status effects
A: sickness immunity, AC +3, negative energy resistance 1, electricity
resistance, torment resistance 1, petrification resistance
a: no special abilities


You were on level 3 of the Dungeon.
You visited 1 branch of the dungeon, and saw 3 of its levels.

You collected 88 gold pieces.

Inventory:

Armour
 a - a +0 robe (worn)
Jewellery
 h - a +6 ring of strength (left hand)
 l - a ring of ice
Scrolls
 d - 3 scrolls of amnesia {unknown}
 i - 3 scrolls of poison {unknown}
 j - a scroll of identify {unknown}
 n - a scroll of brand weapon {unknown}
Potions
 b - a potion of magic
 c - a potion of berserk rage {unknown}
 e - 2 potions of heal wounds {unknown}
 f - a potion of ambrosia {unknown}
 g - a potion of mutation {unknown}
 k - a potion of brilliance {unknown}
 m - a potion of attraction {unknown}


   Skills:
 + Level 2.0 Dodging
 + Level 2.7 Stealth
 + Level 2.3 Spellcasting
 + Level 1.2 Transmutations
 + Level 4.0 Earth Magic


You had 5 spell levels left.
You knew the following spells:

 Your Spells              Type           Power      Damage    Failure   Level
a - Sandblast             Erth           30%        2d9       3%          1

Your spell library contained the following spells:

 Spells                   Type           Power      Damage    Failure   Level
 Passwall                 Tmut/Erth      9%         N/A       10%         2
 Stone Arrow              Conj/Erth      16%        3d8       24%         3
 Petrify                  Tmut/Erth      11%        N/A       54%         4


Dungeon Overview and Level Annotations

Branches:
Dungeon (3/15)

Altars:

Annotations:
D:3 Sigmund


Innate Abilities, Weirdness & Mutations

You are immune to sickness and miasma.
Your stone body is resilient. (AC +3)
You are immune to poison.
You resist negative energy. (rN+)
You are resistant to electric shocks. (rElec)
You are resistant to unholy torment.
You are immune to petrification.


Message History

d - 3 scrolls labelled BYC KEYFOLYFYSCH (gained 1) Sigmund the Dreaded comes into view.
He is wielding a +0 scythe of distortion.
Found a stone staircase leading down.
Found 6 gold pieces.
Sigmund shouts!
A rat comes into view.
You can't see any susceptible monsters within range! (Use Z to cast anyway.)
You can't see any susceptible monsters within range! (Use Z to cast anyway.)
You aren't carrying any items that you can evoke.
You have nothing you can fire or use right now.
Sigmund casts a spell at you. The puff of flame hits you.
Things that are here:
a +0 whip; a +0 scale mail Sigmund casts a spell at you.
The puff of flame hits you.
The blast of sand hits Sigmund.
Sigmund is lightly wounded.
Sigmund closely misses you.
The blast of sand misses the rat.
The blast of sand hits Sigmund!
Sigmund is heavily wounded.
The rat misses you.
Sigmund casts a spell.
Sigmund flickers and vanishes!
Deactivating autopickup; reactivate with Ctrl-A.
The blast of sand hits the rat!
You kill the rat!
Something hits you but does no damage. Space warps around you.
You can't see any susceptible monsters within range! (Use Z to cast anyway.)
Aiming: Sandblast (safe; 3% risk of failure)
Press: ? - help, Q - select action Shift-Dir - straight line, f - you The blast of sand hits something!
You hear some strange, mumbled words.
Something tries to affect you, but you resist.
Aiming: Sandblast (safe; 3% risk of failure)
Press: ? - help, Q - select action Shift-Dir - straight line, f - you Something hits you.
* * * LOW HITPOINT WARNING * * *
Space warps around you.
You die...

#.........# #.........#
#.....[...# #####
#.........#
.....##.........#
...>..#.........#
...?............#
................##
..........{.@)...##
.......#########..##########
.......#######.)..##.......#
..................)........#
......#######..##..........#
...... #...##...........#
...... ..........##........#
$.r...
#.....#..<..........##
..###########........#


There were no monsters in sight!

Vanquished Creatures
  A worm (D:2)
  An orc (D:3)
  2 bats (D:2)
  7 endoplasms
  2 giant cockroaches (D:2)
  A hobgoblin (D:2)
  8 kobolds
  A quokka (D:2)
  3 ball pythons
  2 frilled lizards (D:2)
  A goblin (D:1)
  2 rats (D:3)
31 creatures vanquished.

Notes
Turn   | Place    | Note
-------+----------+-------------------------------------------
     0 | D:1      | arthad the Gargoyle Earth Elementalist began the quest for
                  | the Orb.
     0 | D:1      | Reached XP level 1. HP: 10/10 MP: 3/3
   209 | D:1      | Reached skill level 1 in Transmutations
   209 | D:1      | Reached XP level 2. HP: 15/15 MP: 3/5
   390 | D:1      | Found a faded altar of an unknown god.
   872 | D:2      | Reached XP level 3. HP: 19/19 MP: 4/6
  1327 | D:3      | Reached skill level 4 in Earth Magic
  1470 | D:3      | Noticed Sigmund
  1487 | D:3      | Slain by Sigmund

Illustrated notes

Levels and vault maps discovered:
D:1:      nicolae_arrival_washed_ashore, layout_rooms, basic_ecumenical_altar
D:2:      layout_basic, st_stairs_1, minmay_misc_feat_diagonals
D:3:      layout_rooms, uniq_natasha, uniq_sigmund

Skill      XL: |  1  2  3 |
---------------+----------+-----
Transmutations | 1 |  1.2
Dodging        | 2 |  2.0
Earth Magic    | 4 |  4.0
Stealth        | |  2.7
Spellcasting   | |  2.3

Action                     || total
---------------------------++-------
  Melee: Unarmed           ||     1
   Cast: Sandblast         ||    47
 Armour: Robe              ||    17
  Dodge: Dodged            ||     6

Table legend: (Time is in decaauts)
 A = Elapsed time spent in this place.
 B = Non-inter-level travel time spent in this place.
 C = Inter-level travel time spent in this place.
 D = Time resting spent in this place.
 E = Time spent auto-exploring this place.
 F = Levels seen in this place.
 G = Mean time per level.
                   A        B        C        D        E       F      G
               +--------+--------+--------+--------+--------+-----+--------+
         Total |   1509 |   1450 |     59 |     14 |   1208 |   3 |  503.0 |
       Dungeon |   1509 |   1450 |     59 |     14 |   1208 |   3 |  503.0 |
               +--------+--------+--------+--------+--------+-----+--------+

Top non-repeatable levels by time:
     D:2: 757 daAuts
     D:1: 529 daAuts
     D:3: 222 daAuts
